 Dungeon Crawl Stone Soup version 0.17.0-26-gececa24 (webtiles) character file.

77 fredomojojo the Sneak (level 4, -3/33 HPs)
             Began as a Vampire Assassin on Nov 20, 2015.
             Slain by a human (4 damage)
             ... on level 2 of the Dungeon.
             The game lasted 00:16:01 (1216 turns).

fredomojojo the Sneak (Vampire Assassin)            Turns: 1216, Time: 00:16:01

Health: -3/33      AC:  3    Str: 10    XL:     4   Next: 13%
Magic:  4/4        EV: 12    Int: 13    God:
Gold:   66         SH:  0    Dex: 16    Spells: 0 memorised, 3 levels left

rFire  . . .     SeeInvis +     a - +2 dagger
rCold  . . .     Clarity  .     c - +0 robe
rNeg   + . .     SustAt   .     (no shield)
rPois  .         Gourm    .     (no helmet)
rElec  .         Spirit   .     r - +0 cloak
rCorr  .         Warding  .     (no gloves)
rMut   .         Stasis   .     (no boots)
MR     .....                    (no amulet)
Stlth  ++++......               (no ring)
                                (no ring)

@: not resistant to hostile enchantments, stealthy
A: fangs 3, see invisible, unbreathing
a: Bat Form


You were on level 2 of the Dungeon.
You were not thirsty.

You visited 1 branch of the dungeon, and saw 3 of its levels.

You collected 66 gold pieces.

Inventory:

Hand Weapons
 a - a +2 dagger (weapon)
 b - a +0 blowgun
 d - a +0 short sword
 q - a +2 quarterstaff of chaos
Missiles
 e - 7 poisoned needles
 f - 2 curare-tipped needles
Armour
 c - a +0 robe (worn)
 r - a +0 cloak (worn)
Scrolls
 h - 3 scrolls of teleportation {unknown}
 j - 3 scrolls of identify {unknown}
 k - a scroll of enchant armour {unknown}
 m - a scroll of remove curse {unknown}
 n - a scroll of recharging {unknown}
 p - a scroll of magic mapping {unknown}
Potions
 g - 11 potions of blood
 i - a potion of brilliance {unknown}
 l - 2 potions of heal wounds {unknown}
 o - a potion of degeneration {unknown}


   Skills:
 + Level 2.0 Fighting
 + Level 2.4 Short Blades
 + Level 1.9 Throwing
 + Level 1.7 Dodging
 + Level 7.7 Stealth


You had 3 spell levels left.
You didn't know any spells.

Dungeon Overview and Level Annotations

Branches:
Dungeon (3/15)

Altars:
Yredelemnul


Innate Abilities, Weirdness & Mutations

You have razor-sharp teeth.
You have supernaturally acute eyesight.
You can survive without breathing.


Message History

The human is lightly wounded.
The human hits you.
You hit the human. Your bite misses the human.
The human is lightly wounded.
The human hits you.
You hit the human.
The human is moderately wounded.
The human hits you but does no damage.
You closely miss the human.
The human is moderately wounded.
The human hits you!
* * * LOW HITPOINT WARNING * * *
You hit the human.
The human is moderately wounded.
The human hits you!
* * * LOW HITPOINT WARNING * * *
You hit the human but do no damage. You bite the human.
The human is heavily wounded.
The human hits you.
You die...

#....# #.# #....#
####.## #...##
#.....# #...#
#.###.## #.%.#
#####.###..# #...#
#..........# #...#
##...###....# ....#
#....#.#....#
#...#####....#'#@...#
#..............p....#
#...######..#####..##
#...# #..###...####
#...# #.## #._.#
##### #.# #[..# #.#
##### ####.# #....#


You could see a human.

Vanquished Creatures
  Crazy Yiuf (D:2)
  An ooze (D:1)
  A worm (D:2)
  2 giant geckos
  A ball python (D:1)
  2 giant cockroaches
  6 goblins
  5 hobgoblins
  8 bats
  A giant newt (D:1)
  2 goblin skeletons (D:2)
  3 kobolds
  5 rats
38 creatures vanquished.

Notes
Turn   | Place    | Note
--------------------------------------------------------------
     0 | D:1      | fredomojojo the Vampire Assassin began the quest for the Orb.
     0 | D:1      | Reached XP level 1. HP: 16/16 MP: 1/1
    30 | D:1      | Reached skill level 6 in Stealth
   203 | D:1      | Reached XP level 2. HP: 6/22 MP: 2/2
   697 | D:2      | Reached skill level 7 in Stealth
   749 | D:1      | Reached XP level 3. HP: 24/27 MP: 3/3
   926 | D:2      | Noticed Crazy Yiuf
   930 | D:2      | Killed Crazy Yiuf
  1026 | D:2      | Reached XP level 4. HP: 31/33 MP: 4/4
  1150 | D:2      | Found a runed door.
  1150 | D:2      | Noticed a human
  1155 | D:2      | Found a basalt altar of Yredelemnul.
  1215 | D:2      | HP: 1/33 [human (7)]
  1216 | D:2      | Slain by a human

Action                   |  1- 3 |  4- 6 || total
-------------------------+-------+-------++-------
Melee: Dagger            |    67 |    36 ||   103
 Fire: Blowgun           |     9 |       ||     9
  Use: Potion            |       |     1 ||     1
 Stab: Sleeping          |    12 |     3 ||    15
